[Event "*** Biggest EVER Titled Tuesday"]
[Site "Chess.com"]
[Date "2018.04.17"]
[Round "8"]
[White "dretch"]
[Black "Annawel"]
[Result "0-1"]
[WhiteElo "2688"]
[BlackElo "2870"]
[TimeControl "180+2"]
[EndTime "14:53:09 PDT"]
[Termination "Annawel won on time"]

1. d4 Nf6 2. c4 d6 3. Nf3 Nbd7 4. Nc3 e5 5. e4 Be7 6. Be2 O-O 7. O-O c6 8. Qc2 a6 9. Rd1 Qc7 10. Rb1 Re8 11. b4 Bf8 12. Be3 exd4 13. Nxd4 c5 14.
Nd5 Qb8 15. bxc5 dxc5 16. Nc6 Qd6 17. Nde7+ Bxe7 18. Rxd6 Bxd6 19. e5 Nxe5 20. Nxe5 Rxe5 21. Bf4 Rxe2 22. Qxe2 Bxf4 23. g3 Bd6 24. Qd3 Be7 25.
Qe3 Kf8 26. Qe5 Ne8 27. h4 Bd6 28. Qd5 Rb8 29. Qd3 g6 30. Qc3 f6 31. Qd2 Be6 32.
h5 g5 33. Qd3 Kg7 34. Re1 Bf7 35. Rxe8 Rxe8 36. Qxd6 Bxh5 37. Qc7+ Bf7 38. Qxb7 a5 39. Qc7 Re5 40. a4 g4 41. Qd7 h5 42. Qb5 Kg6 43. Qxa5 Bxc4 44. Qc3 Bd5 45. Qc2+ Be4 46. Qc3 Bf3 47.
Kh2 Rd5 48. Qc2+ Kg7 49. Qb1 Rd1 0-1

[Event "*** Biggest EVER Titled Tuesday"]
[Site "Chess.com"]
[Date "2018.04.17"]
[Round "8"]
[White "jk13"]
[Black "hilary444"]
[Result "0-1"]
[WhiteElo "2528"]
[BlackElo "2532"]
[TimeControl "180+2"]
[EndTime "14:53:09 PDT"]
[Termination "hilary444 won by resignation"]

1. e4 e5 2. Nf3 Nc6 3. Bc4 Bc5 4.
c3 Nf6 5. d3 a6 6. Bb3 d6 7. h3 O-O 8. O-O Ba7 9. Re1 h6 10.
Nbd2 Nh5 11. Nf1 Qf6 12. Ne3 Nf4 13. Ng4 Qg6 14. Bxf4 exf4 15. Nh4 Qg5 16. Nf3 Qg6 17. Nh4 Qg5 18. Nf3 Qh5 19. Ngh2 Qg6 20. Kf1 Re8 21. Qd2 Qf6 22. d4 Na5 23. e5 dxe5 24. Nxe5 Nxb3 25.
axb3 c5 26. Neg4 Bxg4 27. Nxg4 Qd6 28. d5 f3 29. g3 h5 30. Nh2 Qd7 31. Nxf3 Qxh3+ 32. Kg1 c4 33. Nd4 cxb3 34. Rxe8+ Rxe8 35. Re1 Rxe1+ 36. Qxe1 Bxd4 37. cxd4 Qd7 38. Qe5 a5 39. Qxh5 a4 40. Qf3 b5 41. Kf1 b4 42. Ke2 Qd6 43. Kd2 Kf8 44. Kd3 Qa6+ 45. Kd2 a3 46. Qxb3 a2 47.
Qxb4+ Kg8 48. Qb8+ Kh7 49. Qf4 Qh6 0-1

[Event "*** Biggest EVER Titled Tuesday"]
[Site "Chess.com"]
[Date "2018.04.17"]
[Round "8"]
[White "rasmussvane"]
[Black "JustKid"]
[Result "0-1"]
[WhiteElo "2646"]
[BlackElo "2492"]
[TimeControl "180+2"]
[EndTime "14:53:10 PDT"]
[Termination "JustKid won by resignation"]

1. Nf3 g6 2. e4 c5 3. c4 Nc6 4. d4 cxd4 5. Nxd4 Nf6 6. Nc3 Nxd4 7. Qxd4 d6 8. Be3 Bg7 9. Be2 O-O 10. Qd2 a5 11. f3 a4 12. Kf2 Qa5 13. Rhd1 Be6 14. Nb5 Rfc8 15. Rac1 Nd7 16. Nd4 Nc5 17. Rc2 Bd7 18.
Rb1 Ne6 19. Nxe6 Bxe6 20. Qxa5 Rxa5 21. Rbc1 Kf8 22. Bd2 Bd4+ 23. Be3 Bg7 24. Ke1 Ke8 25. Bd2 Rac5 26. Bb4 R5c7 27. c5 dxc5 28. Ba5 b6 29. Bxb6 Rb7 30. Bxc5 Rxb2 31. Ba6 Rc7 32. Bd3 Bxa2 33.
Rxb2 Bxb2 34. Rc2 Bb3 35. Rxb2 Rxc5 36. Kd2 Kd7 37. Rb1 Kc6 38. Ke3 e5 39. g3 Kb6 40. f4 exf4+ 41. gxf4 Ka5 42. Kd4 Rc7 43. e5 Kb4 44. f5 gxf5 45. Bxf5 h6 46. e6 fxe6 47.
Bxe6 Rc2 48. h4 Rh2 49. Ke5 Re2+ 0-1

[Event "*** Biggest EVER Titled Tuesday"]
[Site "Chess.com"]
[Date "2018.04.17"]
[Round "8"]
[White "Ginger_GM"]
[Black "Cecile-Haussernot"]
[Result "0-1"]
[WhiteElo "2436"]
[BlackElo "2336"]
[TimeControl "180+2"]
[EndTime "14:53:14 PDT"]
[Termination "Cecile-Haussernot won by resignation"]

1. d4 d5 2. c4 c6 3. Nc3 Nf6 4. Nf3 dxc4 5. e4 b5 6. e5 Nd5 7.
a4 h6 8. axb5 Nxc3 9. bxc3 cxb5 10. Ba3 Be6 11. Be2 Bd5 12. Nd2 Nc6 13. O-O e6 14. Bxf8 Kxf8 15. f4 a5 16. f5 Kg8 17.
f6 g6 18. Rf4 Qb6 19. Kh1 a4 20. Ne4 a3 21. Nd6 b4 22. Bh5 gxh5 23. Qxh5 Rh7 24. Rg4+ Kf8 25. Rg7 Rxg7 26. fxg7+ Kxg7 27. Qxf7+ Kh8 28.
Qf6+ Kh7 29. Qf7+ Kh8 30. Rf1 Rg8 31. Rf6 Bxg2+ 32. Kg1 Be4+ 33. Kf2 Bg6 34. Rxg6 Rxg6 35. Qxg6 Nxe5 36. Qf6+ Kh7 37. Qe7+ Kh8 38. Qf6+ Kh7 39. Qxe5 a2 40. Ne8 Qb7 41. Nf6+ Kg6 42. Ng4 Qf7+ 43.
Kg3 a1=Q 44. Qe4+ Kg7 45. Qe5+ Kg6 46. Qe4+ Qf5 47. Ne5+ Kf6 48. Nd7+ Ke7 0-1

[Event "*** Biggest EVER Titled Tuesday"]
[Site "Chess.com"]
[Date "2018.04.17"]
[Round "8"]
[White "GoingKronos"]
[Black "nurmiTV"]
[Result "0-1"]
[WhiteElo "2388"]
[BlackElo "2458"]
[TimeControl "180+2"]
[EndTime "14:53:17 PDT"]
[Termination "nurmiTV won by resignation"]

1. d4 Nf6 2. c4 e6 3. Nf3 b6 4. g3 Bb7 5. Bg2 Be7 6. O-O O-O 7. Nc3 Ne4 8. Bd2 Bf6 9. Qc2 Nxc3 10. Bxc3 d5 11.
cxd5 exd5 12. Bd2 Nd7 13. Bf4 c5 14. dxc5 bxc5 15. Rfd1 Qb6 16. Rab1 h6 17. h4 Rfe8 18. b3 Rad8 19. Rbc1 Rc8 20. Bh3 Re7 21. Ne1 c4 22. Nf3 c3 23. Be3 Rxe3 24. fxe3 Qxe3+ 25. Kf1 Rc7 26.
Rd3 Qb6 27. Rcd1 Nc5 28. Rxd5 Bxd5 29. Rxd5 g6 30. h5 g5 31. Qf5 Kg7 32. Ne1 Ne6 33. Nc2 Qa6 34. a4 Qb6 35. Rb5 Qd6 36. Qd3 Nd4 37. Bg2 Rc5 38. Rxc5 Qxc5 39. Be4 Nxb3 40.
Qd7 Nd2+ 41. Kg2 Nxe4 42. Qd3 Qf2+ 43. Kh3 Qf5+ 44. Kg2 g4 45. Qe3 Ng5 46. Nd4 Bxd4 47. Qxd4+ Qf6 48. Qxa7 c2 49. Qc7 Qf5 50. Qc3+ Kh7 51.
a5 Nh3 52. Qe3 Qf2+ 53. Qxf2 Nxf2 54. a6 c1=Q 55. a7 Qc6+ 56. Kxf2 Qa8 0-1

[Event "*** Biggest EVER Titled Tuesday"]
[Site "Chess.com"]
[Date "2018.04.17"]
[Round "8"]
[White "Journey_to_GrandMaster_YT"]
[Black "Godzillator"]
[Result "1-0"]
[WhiteElo "2389"]
[BlackElo "2289"]
[TimeControl "180+2"]
[EndTime "14:53:18 PDT"]
[Termination "Journey_to_GrandMaster_YT won by resignation"]

1. d4 d5 2. Nf3 Nf6 3. c4 c6 4. Nc3 a6 5. c5 Bg4 6. Qb3 Qc8 7. Bf4 Bxf3 8. exf3 Nbd7 9. Bd3 e5 10. dxe5 Nxc5 11.
Qc2 Nxd3+ 12. Qxd3 Nd7 13. O-O g6 14. Rfe1 Nc5 15.
Qd2 Ne6 16. Rac1 Qd7 17. Bg5 Bg7 18. Bf6 O-O 19. Ne4 h6 20. h4 Qc7 21. Bxg7 Kxg7 22. Nf6 Rad8 23. f4 d4 24. f5 gxf5 25. Qd3 c5 26.
Qxf5 Rh8 27. Re4 d3 28. Rg4+ Kf8 29. Ne4 Qe7 30. Nd6 Rxd6 31. exd6 Qxd6 32. Rd1 h5 33. Rxd3 Qe7 34. Re4 b6 35. Rf3 Rh6 36. Qe5 Qd7 37.
Qb8+ Kg7 38. Qg3+ Kf8 39. Qb8+ Kg7 40. Qe5+ Kf8 41. Kh2 b5 42. g3 c4 43. Rf5 Ng7 44.
Rf6 Rxf6 45. Qxf6 Qd2 46. Rd4 Qe2 47. Rd8+ Ne8 48. Qh8+ Ke7 49. Qxe8+ 1-0

[Event "*** Biggest EVER Titled Tuesday"]
[Site "Chess.com"]
[Date "2018.04.17"]
[Round "8"]
[White "KNVB"]
[Black "GMMatamoros"]
[Result "1/2-1/2"]
[WhiteElo "2584"]
[BlackElo "2511"]
[TimeControl "180+2"]
[EndTime "14:53:20 PDT"]
[Termination "Game drawn - insufficient material"]

1. d4 e6 2. Bf4 c5 3. e3 d5 4. Nf3 Bd6 5. Nbd2 Bxf4 6. exf4 Ne7 7. dxc5 Qa5 8. Bd3 Qxc5 9. O-O b6 10. Nb3 Qc7 11. g3 Ba6 12. Rc1 Bxd3 13. cxd3 Qb7 14.
Nbd4 O-O 15. Ne5 Nd7 16. Nb5 Nxe5 17. fxe5 Qd7 18. Qb3 Rfc8 19. Nd6 Rc6 20. Rxc6 Nxc6 21. f4 f6 22. Qc3 fxe5 23. fxe5 d4 24. Qe1 Rf8 25. Rxf8+ Kxf8 26. Qe4 Kg8 27. a3 h6 28.
b4 Ne7 29. Qxd4 Qa4 30. Qf2 Qd1+ 31. Kg2 Qh5 32. d4 Kh7 33. Qf3 Qg6 34. Qe4 Qxe4+ 35. Nxe4 Nc6 36. Nd6 Nxd4 37. Nc8 Nc6 38. b5 Nxe5 39.
Nxa7 Nc4 40. a4 Kg6 41. Nc6 Kf5 42. Kf3 e5 43. g4+ Ke6 44. Ke4 Nd6+ 45. Kd3 Kd5 46. Ne7+ Kc5 47. h4 Kb4 48. Nd5+ Ka5 49. g5 hxg5 50.
hxg5 Nf7 51. Ke4 Nxg5+ 52. Kxe5 Nf3+ 53. Kf4 Nd4 54. Kg5 Ne6+ 55. Kf5 Nc5 56. Kg6 Nxa4 57. Nxb6 Kxb5 58. Kxg7 Nxb6 1/2-1/2

[Event "*** Biggest EVER Titled Tuesday"]
[Site "Chess.com"]
[Date "2018.04.17"]
[Round "8"]
[White "ehrenfeld"]
[Black "tigra"]
[Result "0-1"]
[WhiteElo "2484"]
[BlackElo "2708"]
[TimeControl "180+2"]
[EndTime "14:53:22 PDT"]
[Termination "tigra won by resignation"]

1. e4 e6 2. d3 d5 3. Qe2 Nc6 4. Nf3 e5 5. exd5 Qxd5 6. Nc3 Bb4 7. Bd2 Qa5 8. h3 Nge7 9. g3 Be6 10.
Bg2 O-O-O 11. O-O Nd4 12. Nxd4 exd4 13. Ne4 h6 14. c3 dxc3 15. bxc3 Ba3 16. Rab1 Qa6 17. c4 Nc6 18. Be3 Nd4 19. Bxd4 Rxd4 20. Rb3 Rhd8 21. Rfb1 b6 22. Qf3 Be7 23. Nc3 Bc5 24.
Nb5 Kd7 25. Nxd4 Bxd4 26. Qc6+ Ke7 27. Qxc7+ Rd7 28. Qf4 Qxa2 29. Bd5 Bxd5 30. cxd5 Rxd5 31. Rb5 Rxb5 32. Rxb5 Qa4 33. Rd5 Qa1+ 34. Kg2 Bc5 35.
Qe5+ Qxe5 36. Rxe5+ Kd6 37. Re8 a5 38. Kf3 a4 39.
Ke4 Bxf2 40. g4 b5 41. Ra8 Kc5 42. d4+ Kb4 43. d5 Bg3 44. Ra6 Kb3 45. d6 a3 46.
d7 Bh4 47. Kd5 b4 48. Kc5 a2 49. Kb5 Be7 50. Ra8 Kb2 51. d8=Q Bxd8 52. Kxb4 Be7+ 53. Kc4 Ba3 0-1

[Event "*** Biggest EVER Titled Tuesday"]
[Site "Chess.com"]
[Date "2018.04.17"]
[Round "8"]
[White "Generalas"]
[Black "Alopekos"]
[Result "1-0"]
[WhiteElo "2203"]
[BlackElo "2305"]
[TimeControl "180+2"]
[EndTime "14:53:27 PDT"]
[Termination "Generalas won on time"]

1. Nf3 Nf6 2. c4 e6 3. b3 a5 4.
Nc3 d5 5. e3 c6 6. Be2 Nbd7 7. O-O Bd6 8. d4 O-O 9. Bb2 Qe7 10. Qc2 dxc4 11. bxc4 e5 12. Rfe1 e4 13. Nd2 Re8 14. Nf1 Nf8 15. Ng3 Ng6 16. Na4 Bg4 17.
Bf1 Nh4 18. d5 Bb4 19. Bc3 cxd5 20. Rab1 Be6 21. Nb6 Rad8 22. a3 Bxc3 23. Qxc3 dxc4 24. Qxa5 Qc7 25. Qg5 Ng6 26. Rec1 c3 27. Qb5 Rd2 28. Qb4 Ng4 29. Rxc3 Qe5 30. Rc5 Qf6 31. Qxd2 Rd8 32. Qe2 N4e5 33. Nxe4 Qe7 34. Rcc1 Qxa3 35. Rd1 Re8 36.
Ng3 Bg4 37. f3 Be6 38. Qf2 Nc6 39. e4 Nge5 40. Nd5 h6 41. Rxb7 Qa4 42. Rbb1 Qa3 43. Nf5 Bxf5 44. exf5 Ra8 45. Nb6 Rb8 46. Nc4 Rxb1 47.
Rxb1 Qe7 48. Nxe5 Nxe5 49. Re1 Qf6 50. Qg3 Qb6+ 51. Kh1 f6 52. f4 1-0

[Event "*** Biggest EVER Titled Tuesday"]
[Site "Chess.com"]
[Date "2018.04.17"]
[Round "8"]
[White "Sam_ChessMood"]
[Black "Andreikka"]
[Result "1/2-1/2"]
[WhiteElo "2644"]
[BlackElo "2783"]
[TimeControl "180+2"]
[EndTime "14:53:30 PDT"]
[Termination "Game drawn by agreement"]

1. e4 c6 2. d4 d5 3. e5 Bf5 4.
h4 h5 5. c4 e6 6. Nc3 Ne7 7.
Nge2 Nd7 8. Ng3 Bg6 9. Bg5 Qb6 10.
Qd2 dxc4 11. Bxc4 Nf5 12. Nxf5 Bxf5 13. O-O Qc7 14. Qe3 Nb6 15. Bb3 Be7 16. a4 a5 17.
Rac1 Qd7 18. Rfd1 O-O 19. Qg3 Bg6 20. Ne2 Bxg5 21. Qxg5 Qd8 22. Qg3 Nd5 23. Nf4 Nxf4 24. Qxf4 Qb6 25. Rc3 Rad8 26. g4 hxg4 27. Qxg4 c5 28.
h5 Bf5 29. Qg5 f6 30. Qxf5 Qxb3 31. Qg4 f5 32. Qxg7+ Kxg7 33. Rxb3 cxd4 34. Rxb7+ Kh6 35. Kg2 Rg8+ 36. Kf3 Rg4 37. Re7 Kxh5 38. Rxe6 d3 39.
Rd6 Re8 40. e6 Rxa4 41. R1xd3 Kg5 42. Rb6 Kf6 43. Re3 Rb4 44. Rxb4 axb4 45. Rb3 Rb8 46. Re3 Re8 47. Kf4 Rxe6 48. Rxe6+ Kxe6 49. Kg5 Ke5 50. f4+ Ke4 51. b3 Kd3 52. Kxf5 Kc3 53. Ke5 Kxb3 54. f5 Kc2 55. f6 b3 56. f7 b2 57. f8=Q b1=Q 58. Qf5+ 1/2-1/2

[Event "*** Biggest EVER Titled Tuesday"]
[Site "Chess.com"]
[Date "2018.04.17"]
[Round "8"]
[White "Denis0027"]
[Black "chessking2151"]
[Result "0-1"]
[WhiteElo "2255"]
[BlackElo "2368"]
[TimeControl "180+2"]
[EndTime "14:53:31 PDT"]
[Termination "chessking2151 won by resignation"]

1. d4 Nf6 2. Nc3 d5 3. Bf4 c6 4. e3 Bf5 5. Be2 e6 6. Nf3 h6 7. Ne5 Nbd7 8. g4 Bh7 9. h4 Nxe5 10. dxe5 Nd7 11. g5 Qa5 12. gxh6 gxh6 13. Qd2 Bb4 14. Bh5 Nc5 15. f3 Na4 16. a3 Nxb2 17. axb4 Qxa1+ 18.
Nd1 Nxd1 19. O-O Rg8+ 20. Kh2 Qc3 21. Rxd1 Qxd2+ 22. Rxd2 Bg6 23. Bg4 h5 24. Bh3 Bf5 25. Bf1 Kd7 26. Bg5 Kc7 27. Kg3 b5 28. Kf4 a5 29. e4 Bg6 30. bxa5 Rxa5 31. Be7 Ra4 32. Bd3 dxe4 33. fxe4 Kb7 34. c4 bxc4 35. Rb2+ Kc8 36.
Bc2 c3 37. Rb3 Ra2 38. Rxc3 Kd7 39. Bd6 Rga8 40. Bd3 Rf2+ 41. Ke3 Rh2 42. Rb3 Ra7 43. Kd4 Rxh4 44. Kc5 Bxe4 45. Kb6 Ra8 46. Ba6 Bd5 47. Rg3 Rg4 48. Rh3 h4 49. Rh2 Bc4 50. Bb7 Ra2 51.
Bxc6+ Kc8 52. Rf2 Rxf2 53. Bb7+ Kd8 54. Bc7+ Ke8 55. Bd6 Rb2+ 56. Kc7 Rxb7+ 57. Kxb7 Bd5+ 58. Kc7 Rc4+ 59. Kb6 Kd7 60. Kb5 Rc6 61. Kb4 Rxd6 62. exd6 Kxd6 0-1

[Event "*** Biggest EVER Titled Tuesday"]
[Site "Chess.com"]
[Date "2018.04.17"]
[Round "8"]
[White "AbdAlAgathos"]
[Black "calemcc"]
[Result "1-0"]
[WhiteElo "2353"]
[BlackElo "2245"]
[TimeControl "180+2"]
[EndTime "14:53:39 PDT"]
[Termination "AbdAlAgathos won by resignation"]

1. e4 e6 2. d4 d5 3. Nd2 Nc6 4.
Ngf3 Nf6 5. e5 Nd7 6. Bd3 Nb4 7. Be2 c5 8. c3 Nc6 9. O-O f6 10. exf6 Qxf6 11. Re1 Bd6 12. dxc5 Bxc5 13. Nb3 Bd6 14. Bg5 Qf7 15. Bh4 O-O 16. Bd3 h6 17. Bc2 Nde5 18.
Nxe5 Nxe5 19. Nd4 Ng6 20. Bg3 Bxg3 21. fxg3 Bd7 22. Qh5 Qf2+ 23. Kh1 Ne7 24. Bd3 Qf7 25. Qe2 Nc6 26. Nxc6 bxc6 27. Rf1 Qe7 28. Qe5 Rxf1+ 29. Rxf1 Rf8 30. Rxf8+ Qxf8 31. h3 Qf6 32. Qb8+ Kf7 33. Qxa7 Ke7 34. Qc5+ Ke8 35. Qd4 e5 36. Qe3 e4 37. Be2 Kf7 38. Qf4 Bf5 39. g4 Bd7 40.
g3 g5 41. Qxf6+ Kxf6 42. Kg2 c5 43. Bd1 d4 44. cxd4 cxd4 45. Kf2 Ke5 46. a4 e3+ 47. Ke2 Ke4 48. Bc2+ Kd5 49. b3 Kc5 50. Kd3 Be8 51. Ke2 Bf7 52. Bd1 Bg6 53. h4 Kb4 54. h5 Bh7 55. Kf3 Kc3 56. a5 Kd2 57. a6 Kxd1 58.
a7 e2 59. a8=Q e1=Q 60. Qa1+ Kd2 61. Qxd4+ Kc2 62. Qc4+ Qc3+ 63. Qxc3+ Kxc3 64. Ke3 Bd3 65. b4 Kc4 66. b5 Bh7 67. b6 Kd5 68. b7 Be4 69. b8=Q 1-0

[Event "*** Biggest EVER Titled Tuesday"]
[Site "Chess.com"]
[Date "2018.04.17"]
[Round "8"]
[White "Rakhmanov_Aleksandr"]
[Black "FairChess_on_YouTube"]
[Result "1-0"]
[WhiteElo "2686"]
[BlackElo "2884"]
[TimeControl "180+2"]
[EndTime "14:53:41 PDT"]
[Termination "Rakhmanov_Aleksandr won by resignation"]

1. c4 e5 2. Nf3 e4 3. Nd4 Nc6 4.
Nxc6 dxc6 5. Nc3 Nf6 6. e3 Bf5 7. Qb3 Rb8 8. Qc2 Bg6 9. b3 Bd6 10. Bb2 Be5 11. h3 O-O 12. g4 Qe7 13. Be2 Rfd8 14. h4 h5 15. gxh5 Bxh5 16. Bxh5 Nxh5 17.
O-O-O Rd3 18. f4 Bf6 19. Rdg1 Rbd8 20. Nb1 Bxb2+ 21. Qxb2 f6 22. Qc2 Qc5 23. Rg2 Kf8 24.
Rhg1 Qf5 25. Qb2 a6 26. Qc2 R8d7 27. Kb2 Ke8 28. Nc3 Kd8 29. Nd1 b6 30. Re2 Qa5 31.
Nc3 Qf5 32. Nd1 Kc8 33. Nf2 Qa5 34. Nxe4 f5 35. Nc3 Nf6 36. Rg5 Nh7 37. Rh5 Nf6 38.
Rg5 Nh7 39. Rh5 Nf6 40. Rh8+ Kb7 41. a3 Ne4 42. b4 Nxd2 43. bxa5 Nxc4+ 44. Ka2 Nxa5 45. h5 Nc4 46. h6 gxh6 47. Rxh6 Nxe3 48. Qc1 Ng4 49. Rg6 R7d4 50. Nb1 c5 51. Qh1+ Ka7 52. Rg8 b5 53. Qa8+ Kb6 54. Rb8+ Ka5 55. Rb2 b4 56. Qc6 1-0

[Event "*** Biggest EVER Titled Tuesday"]
[Site "Chess.com"]
[Date "2018.04.17"]
[Round "8"]
[White "MikaelyanArman"]
[Black "Oleksandr_Bortnyk"]
[Result "1-0"]
[WhiteElo "2616"]
[BlackElo "2775"]
[TimeControl "180+2"]
[EndTime "14:53:44 PDT"]
[Termination "MikaelyanArman won on time"]

1. Nf3 Nf6 2. g3 b6 3. Bg2 Bb7 4. O-O g6 5. b3 Bg7 6. Bb2 O-O 7.
c4 d6 8. Nc3 Nbd7 9. d4 e6 10.
Qc2 Qe7 11. Rad1 a6 12. Rfe1 Rfc8 13. e4 b5 14. e5 dxe5 15. dxe5 Ne8 16. cxb5 axb5 17.
Qd3 Bxf3 18. Bxf3 Nxe5 19. Rxe5 Bxe5 20. Bxa8 Rxa8 21. Qe4 Bxc3 22. Bxc3 Rd8 23. Re1 Qc5 24. Ba1 Rd2 25. Qf4 Rxa2 26. Be5 Qc2 27. Bd4 Qf5 28. Qe3 Nf6 29. Qc3 c5 30. Re5 Qb1+ 31.
Re1 Qf5 32. Re5 cxd4 33. Qc8+ Kg7 34. Rxf5 gxf5 35. Qd8 Rd2 36. Kf1 d3 37. Qd4 Rd1+ 38. Kg2 h6 39. Qc3 Kg6 40. h4 Ne4 41. Qh8 d2 42. Qg8+ Kf6 43. Qh8+ Ke7 44. Qd4 Rc1 45. Qb4+ Kf6 46. Qd4+ Ke7 47. Qb4+ Kf6 48. Qd4+ Kg6 49. h5+ Kxh5 50. Qg7 1-0

[Event "*** Biggest EVER Titled Tuesday"]
[Site "Chess.com"]
[Date "2018.04.17"]
[Round "8"]
[White "TigranLPetrosyan"]
[Black "Margency"]
[Result "1/2-1/2"]
[WhiteElo "2651"]
[BlackElo "2573"]
[TimeControl "180+2"]
[EndTime "14:53:48 PDT"]
[Termination "Game drawn - insufficient material"]

1. Nf3 Nf6 2. g3 g6 3. Bg2 Bg7 4. O-O O-O 5. d4 d5 6. c4 dxc4 7. Na3 c3 8. bxc3 c5 9. Re1 Nc6 10. e3 Nd5 11. Bb2 Nb6 12. h3 h6 13. e4 e5 14. d5 Na5 15. Nd2 Bd7 16. c4 Na4 17.
Bc1 a6 18. Nb3 b5 19. Qc2 Nb7 20. Be3 Rc8 21. Rad1 Nd6 22. f4 Re8 23. Kh2 bxc4 24. Nxc4 Nxc4 25. Qxc4 Nb2 26. Qxa6 Ra8 27. Qe2 Nxd1 28.
Rxd1 c4 29. Nc5 Ra3 30. Bc1 Ra7 31. Qxc4 exf4 32. Bxf4 g5 33. Be3 Ra3 34. Bd4 Qc7 35. Rd3 Ra4 36. d6 Rxc4 37. dxc7 Rxd4 38. Rxd4 Bxd4 39.
Nxd7 Rc8 40. e5 Rxc7 41. Nf6+ Kh8 42. Ng4 h5 43. Nh6 Bxe5 44. Bd5 Kg7 45. Nf5+ Kf6 46.
Nh6 Rc2+ 47. Kg1 Rc7 48. g4 Kg6 49. Nxf7 Rxf7 50. gxh5+ Kf6 51. Bxf7 Kxf7 52. Kg2 Kg7 53. Kf3 Kh6 54. Kg4 Bf6 55. a4 Bd8 56. h4 gxh4 57.
a5 Bxa5 58. Kxh4 Be1+ 59. Kh3 Kxh5 1/2-1/2

[Event "*** Biggest EVER Titled Tuesday"]
[Site "Chess.com"]
[Date "2018.04.17"]
[Round "8"]
[White "StellarChessPro"]
[Black "Tash_Boy"]
[Result "0-1"]
[WhiteElo "2383"]
[BlackElo "2541"]
[TimeControl "180+2"]
[EndTime "14:53:50 PDT"]
[Termination "Tash_Boy won by resignation"]

1. d4 Nf6 2. Bg5 Ne4 3. Bf4 d5 4. f3 Nf6 5. e4 dxe4 6. Nc3 e3 7. Bc4 e6 8. Qd3 Bd6 9. Bxd6 cxd6 10. Qxe3 O-O 11.
O-O-O Nc6 12. g4 Ne7 13. h4 Bd7 14. h5 Rc8 15. Bd3 Rxc3 16. Bxh7+ Nxh7 17. Qxc3 Nd5 18. Qd2 Qg5 19. Ne2 Qxd2+ 20. Kxd2 Bb5 21. c3 Ng5 22. Ng1 e5 23. Rc1 Nf4 24. c4 Bd7 25. d5 f5 26.
gxf5 Bxf5 27. h6 g6 28. Rc3 b6 29. Ne2 Nxe2 30. Kxe2 e4 31. fxe4 Nxe4 32. Re3 Bg4+ 33. Ke1 Rf4 34. Rf1 Rxf1+ 35. Kxf1 Bf5 36. Ra3 a5 37. Ke2 Nc5 38. b4 axb4 39. Ra7 Bd3+ 40. Ke3 Bxc4 41. Kf4 Bxd5 42. Kg5 Ne6+ 43. Kf6 Nf8 44.
Rg7+ Kh8 45. Ra7 b3 46. axb3 Bxb3 47. Ra8 Kg8 48. h7+ Kxh7 49. Rxf8 b5 50. Rd8 d5 51. Kg5 Bc4 52. Rd7+ Kg8 53. Kxg6 Kf8 54. Kf6 Ke8 55.
Rb7 d4 56. Re7+ Kd8 57. Re4 d3 58. Ke5 Kc7 59. Kd4 d2 0-1

[Event "*** Biggest EVER Titled Tuesday"]
[Site "Chess.com"]
[Date "2018.04.17"]
[Round "8"]
[White "omer1997"]
[Black "NTBT_DHS"]
[Result "1-0"]
[WhiteElo "2134"]
[BlackElo "2502"]
[TimeControl "180+2"]
[EndTime "14:53:53 PDT"]
[Termination "omer1997 won by resignation"]

1. e4 g6 2. d4 Bg7 3. Nc3 d6 4.
Nf3 Nf6 5. h3 O-O 6. Bd3 e5 7.
dxe5 dxe5 8. O-O Nc6 9. Bg5 h6 10. Be3 Be6 11. Bb5 Re8 12. Bxc6 bxc6 13. Nxe5 Nxe4 14. Qxd8 Raxd8 15. Nxc6 Nxc3 16. bxc3 Rd6 17. Nxa7 Bc4 18. Rfd1 Ra6 19. Bd4 c5 20. Bxc5 Bxc3 21.
Rab1 Ra8 22. Nb5 Bxb5 23. Rxb5 Rxa2 24. Be3 h5 25. Rc1 Rc8 26. Rb3 Bb2 27. Rd1 Rxc2 28. Rd8+ Kg7 29. g3 Bf6 30. Re8 h4 31. g4 Re2 32.
Rbb8 g5 33. Rg8+ Kh7 34. Rgf8 Kg6 35. Rb7 Rxe3 36. fxe3 Ra1+ 37. Kg2 Ra2+ 38. Kf3 Rh2 39. Rbxf7 Rxh3+ 40. Ke4 Bg7 41. Rf3 Rh2 42. Ra8 Rg2 43. Ra6+ Kh7 44. Kf5 Rc2 45. Kxg5 Rh2 46. Ra7 Rb2 47.
Rff7 Rb5+ 48. Kxh4 Kh6 49. Ra6+ Kh7 50. e4 Re5 51. Raa7 Kh6 52. Kg3 Rxe4 53. g5+ Kh5 54. Rxg7 Re3+ 55. Kf2 Rb3 56. g6 Rb6 57. Rg8 1-0

[Event "*** Biggest EVER Titled Tuesday"]
[Site "Chess.com"]
[Date "2018.04.17"]
[Round "8"]
[White "AlexTriapishko"]
[Black "SergeiAza"]
[Result "1-0"]
[WhiteElo "2701"]
[BlackElo "2636"]
[TimeControl "180+2"]
[EndTime "14:53:57 PDT"]
[Termination "AlexTriapishko won on time"]

1. e4 e5 2. Bc4 Nf6 3. d3 Nc6 4. Nc3 Bc5 5. Nf3 d6 6. Na4 Bb6 7. c3 Be6 8. Bxe6 fxe6 9. O-O O-O 10. b4 Qe8 11. Qb3 Nh5 12. Ng5 Nd8 13. Nxb6 axb6 14. Qc4 Rc8 15. Nh3 b5 16. Qb3 Qg6 17. f4 exf4 18.
Nxf4 Nxf4 19. Bxf4 Nc6 20. Bg3 h6 21. a4 bxa4 22.
Qxa4 Kh7 23. Qb5 Qg5 24. Qxg5 hxg5 25. b5 Rxf1+ 26. Kxf1 Nd8 27. d4 Kg6 28. Ke2 Nf7 29. c4 g4 30. c5 dxc5 31. dxc5 e5 32. Rd1 Kf6 33. Rd7 Ke6 34. c6 bxc6 35. bxc6 g5 36. Ke3 Nd8 37. Rg7 Nxc6 38. Rg6+ Kd7 39. Rxg5 Ra8 40.
Rxg4 Ra3+ 41. Kf2 Ra2+ 42. Kf1 Ra1+ 43. Ke2 Ra2+ 44. Kd3 Kd6 45. Rg6+ Kc5 46. Be1 Ra3+ 47. Bc3 Nd4 48. Rg5 Kd6 49. Kd2 Nb3+ 50. Kc2 1-0

[Event "*** Biggest EVER Titled Tuesday"]
[Site "Chess.com"]
[Date "2018.04.17"]
[Round "8"]
[White "Abund"]
[Black "GeorgMeier"]
[Result "1-0"]
[WhiteElo "2491"]
[BlackElo "2752"]
[TimeControl "180+2"]
[EndTime "14:53:57 PDT"]
[Termination "Abund won on time"]

1. Nf3 e6 2. c4 d5 3. d4 Nf6 4. Nc3 Be7 5. Bf4 O-O 6. e3 Nbd7 7. Bd3 c5 8. cxd5 Nxd5 9. Nxd5 exd5 10. O-O c4 11. Bc2 b5 12. Ne5 Bb7 13. Qh5 g6 14. Qh3 Nf6 15. Qf3 Kg7 16. Rad1 Ne4 17. Qh3 h5 18.
Bxe4 dxe4 19. d5 Bc8 20. g4 Bf6 21. Qg3 hxg4 22. d6 Bxe5 23. Bxe5+ f6 24. Bc3 Bf5 25.
Rd5 Qd7 26. Rfd1 Rac8 27. a3 Kf7 28. Qh4 Kg7 29. Qg3 a6 30. Qf4 Rh8 31. R1d4 Rhf8 32. Rd1 Rf7 33. R1d4 Rd8 34. Qg3 Qe6 35. Rc5 Rdd7 36.
Rc6 g5 37. Rxa6 Kg6 38. Rb6 Rh7 39. Bb4 Rh3 40. Qg2 Qe5 41. Rc6 Rdh7 42. Rc5 Qe6 43. Rc7 Rd7 44. Rxd7 Qxd7 45. Rd5 Rf3 46. Rd4 g3 47.
hxg3 Bh3 48. Qh2 g4 49. Kh1 Rf5 50. Qg1 Rh5 51. Qd1 Qh7 52. Kg1 Qd7 53. Rd5 Rh7 54. Qd4 f5 55. Qe5 Rf7 56. Rc5 1-0

[Event "*** Biggest EVER Titled Tuesday"]
[Site "Chess.com"]
[Date "2018.04.17"]
[Round "8"]
[White "ahmadzada13"]
[Black "Anar_Aliakbarov"]
[Result "1-0"]
[WhiteElo "2564"]
[BlackElo "2382"]
[TimeControl "180+2"]
[EndTime "14:53:58 PDT"]
[Termination "ahmadzada13 won by resignation"]

1. e4 c5 2. Nf3 e6 3. d4 cxd4 4.
Nxd4 Nc6 5. Nc3 Nf6 6. Ndb5 Bb4 7. a3 Bxc3+ 8. Nxc3 d5 9. exd5 Nxd5 10. Nxd5 exd5 11. Bd3 Qe7+ 12. Qe2 Qxe2+ 13. Kxe2 Ne5 14. Bf4 Nxd3 15. Kxd3 Bf5+ 16. Kd2 Kd7 17. Be5 f6 18. Bd4 b6 19. c3 Rhe8 20. a4 Kc6 21. a5 b5 22.
Rhe1 a6 23. Rxe8 Rxe8 24. f3 Bg6 25. h4 Bf7 26. Rh1 Re6 27. Rh3 g6 28. Rg3 h5 29.
Rh3 f5 30. Rh1 Re8 31. Rf1 Be6 32. Be5 Bd7 33. Re1 Re6 34. Re3 Re8 35. Ke1 Re6 36. b4 Re8 37. Kf2 Re6 38. Kg3 Be8 39. Kf4 Bf7 40. Re2 Kd7 41. Rd2 Kc6 42. Rd1 Re8 43. Re1 Re6 44. Kg5 Kd7 45. Kf4 Kc6 46. Re3 Kd7 47. Rd3 Kc6 48. g3 Re8 49. Rd2 Re6 50.
Bd4 Re1 51. Kg5 Re6 52. Rf2 Kd7 53. g4 fxg4 54. fxg4 Be8 55. gxh5 gxh5 56. Rf8 Re4 57. Rh8 Rg4+ 58. Kf5 Rxh4 59. Rh7+ Kc8 60. Ra7 Rh1 61. Ra8+ Kd7 62. Rxa6 h4 63. Rh6 h3 64. Be5 Kc8 65.
Rh8 Kd7 66. a6 Ra1 67. a7 Ke7 68. Bd4 Ra2 69. Ke5 Bd7 70. a8=Q Rxa8 71. Rxa8 h2 72. Rh8 1-0